Map: Arctic Gates

Players

Roni

  • Race: Terran Terran
  • League: Platinum
  • Spawn Location: 0:00

AlanDM

  • Race: Terran Terran
  • Spawn Location: 9:00

Xerox - Winner!

  • Race: Zerg Zerg
  • League: Gold
  • Spawn Location: 3:00

ILIEKEGGPIE - Winner!

  • Race: Protoss Protoss
  • League: Platinum
  • Spawn Location: 0:00

VOD

Have the link to the VOD?

Description

Time

  • Played on: May 1, 2018, 7:46 p.m.
  • Length: 15:17
Show
View Real Time Build Order
Export as new Build Order

Roni Terran 

Build Orders: MMM Bio 

Get SALT Encoding   

  12  0:00  SCV  
  13  0:16  Supply Depot  
  13  0:18  SCV  
  14  0:30  SCV  
  15  0:40  Barracks  
  15  0:44  Refinery  
  15  0:46  SCV  
  16  1:02  SCV  
  17  1:14  SCV  
  18  1:26  SCV  
  19  1:39  Supply Depot  
  19  1:42  SCV  
  19  1:45  Barracks Tech Lab  
  20  1:50  Command Center  
  20  1:59  Orbital Command  
  20  2:10  Supply Depot  
  20  2:13  Marine  
  21  2:25  Stimpack  
  21  2:27  SCV  
  22  2:38  Factory  
  22  2:42  Barracks  
  22  2:55  Marine  
  23  3:00  SCV  
  23  3:03  Orbital Command  
  24  3:13  Marauder  
  24  3:14  Refinery, SCV  
  27  3:25  Factory Tech Lab  
  27  3:29  Barracks Reactor  
  27  3:34  Marine  
  27  3:36  Orbital Command  
  28  3:49  Supply Depot  
  28  3:52  Marine  
  28  3:53  SCV  
  30  4:03  SCV  
  30  4:05  SCV  
  30  4:09  Marine, Siege Tank  
  35  4:10  Marine x2  
  38  4:18  Engineering Bay  
  38  4:21  Engineering Bay  
  35  4:26  SCV  
  35  4:27  SCV  
  35  4:28  Marine  
  30  4:38  SCV  
  30  4:39  SCV  
  32  4:50  SCV  
  32  4:52  Missile Turret  
  33  4:55  Marine  
  33  4:56  Marine  
  35  5:05  SCV x2  
  37  5:20  Starport  
  37  5:23  Marine, Siege Tank  
  37  5:24  Marine x2  
  43  5:30  SCV  
  43  5:32  SCV  
  45  5:42  Missile Turret  
  45  5:45  SCV x2  
  45  5:47  Marine x3  
  50  5:54  Barracks  
  50  6:04  Marine  
  50  6:05  Marine  
  52  6:20  Barracks Tech Lab  
  52  6:25  Marine  
  52  6:26  Marine  
  54  6:36  Medivac, Siege Tank  
  54  6:39  Marine  
  60  6:41  Barracks Reactor  
  60  6:43  Marine  
  60  6:44  Marine  
  62  6:48  Missile Turret  
  62  6:51  Missile Turret  
  62  7:01  Terran Infantry Weapons Level 1  
  62  7:32  Marine  
  62  7:34  SCV  
  62  7:35  Marine, SCV  
  61  7:37  Medivac  
  61  7:38  Marine  
  60  7:44  Siege Tank  
  60  7:46  SCV  
  60  7:50  Marine  
  41  8:07  Barracks Reactor  
  41  8:09  Barracks Tech Lab  
  41  8:11  Barracks Reactor  
  37  8:13  Starport Reactor  
  37  8:17  Factory Tech Lab  
  37  8:21  SCV  
  37  8:22  SCV  
  39  8:34  SCV x2  
  41  8:43  Marine x3  
  41  8:46  SCV x2  
  46  8:55  Barracks  
  46  9:00  Marine  
  46  9:01  Marine x2  
  49  9:02  Command Center  
  49  9:03  Missile Turret  
  49  9:08  SCV  
  49  9:09  SCV  
  51  9:12  Terran Infantry Armor Level 1  
  51  9:17  Armory  
  51  9:18  Marine  
  51  9:19  Marine x4  
  51  9:20  SCV  
  51  9:21  SCV  
  58  9:30  Combat Shields  
  58  9:36  Marine x2  
  58  9:37  Marine x2  
  62  9:39  Missile Turret  
  62  9:51  Supply Depot x2  
  62  9:52  Supply Depot  
  62  9:57  Marauder, Marine x4  
  69  10:09  Viking x2  
  69  10:14  Barracks Tech Lab  
  72  10:15  Marine x3  
  72  10:16  Marine  
  72  10:19  Marauder  
  78  10:22  Refinery  
  78  10:24  Refinery  
  78  10:25  SCV x2  
  80  10:32  Marine x4  
  80  10:34  Marine  
  85  10:37  SCV  
  85  10:39  Medivac x2  
  85  10:40  Marauder  
  92  10:50  Marine x2  
  75  11:05  Marine x4  
  75  11:08  Marine x2  
  81  11:13  Viking x2  
  81  11:17  Terran Infantry Weapons Level 2  
  83  11:22  Marine  
  83  11:23  Marine x3  
  80  11:32  Marine  
  73  11:33  Marine  
  75  11:40  Marine  
  75  11:41  Orbital Command, Marauder  
  75  11:45  SCV x2  
  80  11:51  Marauder  
  80  11:53  Marine x3  
  85  11:58  Marine, Siege Tank  
  89  12:16  Marine x2  
  89  12:17  Marauder x2, Marine x2  
  89  12:22  Terran Infantry Armor Level 2  
  76  12:30  Siege Tank  
  76  12:32  Viking x2  
  72  12:38  Marauder  
  64  12:48  Marine x5  
  69  12:59  Marine  
  69  13:02  Viking x2  
  73  13:05  Marine  
  73  13:06  Marine  
  73  13:07  Marine x3  
  78  13:17  Marine  
  78  13:19  Siege Tank  
  82  13:23  Marine x2  
  82  13:26  Marine x3  
  87  13:32  Viking x2  
  87  13:33  Missile Turret  
  91  13:35  Marine, Missile Turret  
  91  13:36  SCV x2  
  94  13:41  Marine  
  94  13:56  SCV x3  
  94  13:57  Marine x3  
  94  13:58  Marine x2  
  94  14:02  Viking  
  104  14:04  Marine  
  104  14:08  SCV  
  104  14:15  Marine x3  
  87  14:21  Marine  
  87  14:22  Marine x2  
  61  14:32  Viking x2  
  61  14:33  Marine x2  
  61  14:34  Marine  
  68  14:39  Marine  
  68  14:41  Missile Turret  
  68  14:43  SCV x3  
  64  14:54  Marine x3  
  64  14:55  Marine x2  
  64  14:57  Marine  
Show
View Real Time Build Order
Export as new Build Order

AlanDM Terran 

Build Orders: MMM Bio 

Get SALT Encoding   

  12  0:00  SCV  
  13  0:13  SCV  
  14  0:18  Supply Depot  
  14  0:27  SCV  
  15  0:39  SCV  
  16  0:44  Barracks  
  16  0:55  Barracks  
  16  1:01  Refinery, SCV  
  17  1:14  Barracks  
  17  1:19  SCV  
  18  1:31  SCV  
  19  1:33  Supply Depot  
  19  1:36  Marine  
  20  1:44  Barracks Reactor  
  20  1:54  Orbital Command  
  20  2:06  Barracks Tech Lab  
  20  2:09  Barracks Tech Lab  
  20  2:10  Supply Depot  
  20  2:22  Marine  
  20  2:23  Marine  
  20  2:25  Marine  
  20  2:28  Concussive Shells  
  23  2:33  Marauder  
  23  2:36  SCV  
  26  2:40  Marine x2  
  26  2:43  Marine  
  29  2:48  SCV  
  30  2:53  Marine  
  30  2:58  Marine x2  
  31  3:00  Marine  
  31  3:04  Refinery  
  35  3:05  SCV  
  35  3:10  Engineering Bay  
  35  3:14  Marine  
  35  3:19  Marauder  
  38  3:25  Supply Depot  
  38  3:32  Marauder  
  40  3:57  Command Center  
  40  4:02  SCV  
  41  4:07  Marine  
  42  4:12  Terran Infantry Armor Level 1  
  42  4:14  SCV  
  42  4:45  Marine  
  42  4:46  Marine x2  
  42  4:50  Missile Turret  
  45  4:54  Marine  
  46  5:01  Missile Turret  
  46  5:03  Marine x2  
  46  5:04  Marauder  
  50  5:12  Refinery  
  50  5:13  Orbital Command, Marauder  
  52  5:21  Marine x2  
  52  5:23  SCV  
  52  5:28  Marauder  
  57  5:34  Marine  
  57  5:35  Refinery  
  58  5:39  Marine  
  59  5:47  SCV  
  60  5:51  Factory  
  60  6:06  Terran Infantry Weapons Level 1  
  60  6:10  Combat Shields  
  60  6:12  Stimpack  
  60  6:14  SCV  
  61  6:24  Marine x2  
  61  6:25  Marauder x2  
  67  6:26  SCV  
  68  6:42  Marine x2  
  70  6:52  Supply Depot  
  70  6:53  Missile Turret  
  70  6:54  Supply Depot, Factory Tech Lab  
  70  7:00  Starport  
  70  7:14  Marauder x2, Marine x2  
  76  7:32  Marine x2  
  76  7:36  Marauder x2  
  82  7:49  Marine  
  69  7:57  Marauder, Marine x2  
  55  8:07  Marine  
  56  8:14  Marine  
  56  8:15  Marauder  
  56  8:19  Marauder  
  61  8:20  Starport Reactor  
  61  8:25  Marine  
  62  8:27  SCV  
  62  8:32  Marine  
  64  8:36  Marine  
  64  8:39  Marine, SCV  
  64  8:40  SCV  
  68  8:51  SCV  
  69  9:03  Siege Tank  
  69  9:04  Medivac x2  
  69  9:07  SCV  
  77  9:19  Command Center, SCV  
  78  9:26  Starport  
  78  9:32  SCV  
  78  9:35  Siege Tank  
  82  9:40  Command Center  
  82  9:51  Armory  
  82  9:53  SCV  
  83  10:05  SCV  
  83  10:18  Medivac, Marine  
  86  10:26  Supply Depot  
  86  10:27  Supply Depot  
  86  10:28  Supply Depot  
  86  10:48  Marauder x2, Medivac x2, Marine x2  
  84  11:06  Marine  
  84  11:10  Marauder  
  86  11:17  Marauder, Marine  
  89  11:19  Medivac x2  
  89  11:24  Marine  
  91  11:31  Marauder  
  85  11:35  Marine  
  85  11:39  Marauder  
  84  11:42  Marine  
  85  11:48  Starport Reactor  
  85  11:52  Marauder, Marine  
  85  11:54  Starport  
  88  11:59  Marine x2  
  90  12:05  Orbital Command  
  90  12:10  Marine  
  90  12:14  Marauder  
  93  12:17  Marine  
  93  12:18  Marauder  
  93  12:35  Marauder  
  93  12:36  Marine x2  
  88  12:39  Marauder  
  80  12:45  Viking  
  80  12:46  Viking x2  
  77  12:54  Marine x2  
  77  12:56  Marauder  
  79  13:00  Marine  
  79  13:12  Marine x2  
  80  13:17  Marine  
  80  13:18  Marine  
  82  13:26  SCV  
  83  13:30  Marine x2  
  83  13:31  Missile Turret x2  
  85  13:35  Medivac, Marine  
  85  13:36  Marine  
  85  13:38  SCV  
  80  13:48  Marine x2  
  82  13:50  SCV  
  82  13:53  Marine  
  82  13:54  Marine  
  85  13:56  Medivac x2  
  85  14:02  SCV  
  90  14:05  Marine  
  90  14:06  Marine  
  85  14:11  Marine x2  
  85  14:14  SCV  
  53  14:19  Siege Tank  
  53  14:23  Marine x2  
  52  14:29  Marine x2  
  48  14:41  Marine x2  
  50  14:46  Marine  
Show
View Real Time Build Order
Export as new Build Order

Xerox Zerg - Winner!

Build Orders: Hatch First 

Get SALT Encoding   

  12  0:04  Drone  
  13  0:22  Drone  
  13  0:24  Overlord  
  14  0:42  Drone x2  
  16  0:50  Drone  
  16  0:55  Drone  
  18  1:05  Drone  
  19  1:21  Hatchery  
  18  1:27  Drone x2  
  20  1:34  Hatchery  
  19  1:40  Drone  
  20  1:47  Drone  
  21  2:04  Hatchery  
  21  2:06  Drone  
  21  2:11  Drone  
  22  2:20  Spawning Pool  
  21  2:31  Drone  
  22  2:50  Hatchery  
  21  2:54  Extractor  
  21  2:56  Drone, Extractor  
  20  2:59  Drone  
  20  3:02  Drone  
  22  3:06  Drone  
  22  3:07  Drone  
  24  3:16  Drone  
  25  3:25  Drone x4  
  30  3:27  Drone x2  
  31  3:36  Roach Warren  
  30  3:43  Metabolic Boost  
  30  3:53  Baneling Nest  
  30  3:55  Spore Crawler  
  28  3:58  Drone x4  
  28  3:59  Drone  
  28  4:02  Drone  
  34  4:04  Drone  
  35  4:19  Overlord  
  35  4:23  Lair  
  35  4:27  Drone x5  
  35  4:28  Drone x2  
  35  4:30  Drone  
  43  4:32  Extractor  
  43  4:36  Burrow  
  42  4:40  Extractor x2  
  42  4:43  Drone x4  
  44  4:56  Overlord x3  
  44  4:59  Zergling x10  
  49  5:00  Zergling x2  
  49  5:01  Zergling x2  
  49  5:03  Zergling x2  
  52  5:14  Queen  
  52  5:15  Queen x2  
  52  5:20  Centrifical Hooks  
  58  5:30  Drone x9  
  58  5:33  Extractor  
  58  5:34  Extractor  
  65  5:43  Drone x3  
  65  5:44  Drone x6  
  74  5:51  Extractor x2  
  74  5:53  Extractor  
  71  6:02  Queen  
  73  6:07  Pneumatized Carapace  
  73  6:10  Drone x5  
  78  6:11  Overlord x3  
  78  6:12  Overlord x2  
  78  6:21  Hatchery  
  78  6:24  Overlord x2  
  77  6:32  Zergling x12  
  83  6:33  Zergling x4  
  83  6:37  Overlord x3  
  85  6:40  Baneling  
  85  6:46  Baneling x15  
  84  6:58  Zergling x24  
  96  7:06  Baneling  
  96  7:07  Baneling x15  
  96  7:29  Baneling x8  
  96  7:30  Baneling x6  
  96  7:36  Baneling x12  
  80  7:57  Zergling x18  
  80  7:58  Zergling x20  
  87  8:00  Queen  
  87  8:01  Queen  
  91  8:09  Hatchery x2  
  91  8:10  Evolution Chamber  
  91  8:12  Evolution Chamber  
  87  8:15  Infestation Pit  
  87  8:17  Evolution Chamber  
  85  8:23  Baneling x14  
  85  8:24  Baneling  
  85  8:25  Drone x11  
  85  8:26  Drone x3  
  99  8:39  Overseer  
  99  8:53  Drone x9  
  108  9:12  Baneling x2  
  108  9:13  Hatchery, Baneling x3  
  108  9:14  Baneling x4  
  108  9:15  Zerg Missile Weapons Level 1, Zerg Melee Weapons Level 1, Zerg Ground Armor Level 1  
  107  9:17  Lair  
  107  9:18  Hive  
  107  9:22  Spire  
  106  9:28  Overseer x2  
  106  9:45  Drone x3  
  109  9:48  Overlord  
  109  9:49  Overlord x5  
  109  9:50  Overlord  
  109  10:10  Zergling x2  
  110  10:21  Spire  
  109  10:29  Hydralisk Den  
  109  10:31  Hydralisk Den  
  109  10:34  Queen  
  111  10:40  Glial Reconstitution  
  111  10:41  Ultralisk Cavern  
  91  11:06  Mutalisk  
  91  11:07  Mutalisk x19  
  91  11:08  Mutalisk x10  
  148  11:13  Zerg Melee Weapons Level 2  
  148  11:14  Zerg Ground Armor Level 2, Zerg Missile Weapons Level 2  
  147  11:26  Zergling x2  
  147  11:27  Zergling x22  
  159  11:38  Zergling x2  
  159  11:39  Zergling x16  
  168  11:40  Zergling x2  
  169  11:51  Drone x8  
  169  11:52  Drone  
  178  12:01  Baneling x5  
  178  12:02  Baneling x6  
  178  12:03  Baneling  
  178  12:11  Drone  
  178  12:12  Drone x5  
  178  12:13  Drone x2  
  178  12:14  Drone x3  
  178  12:15  Drone  
  190  12:19  Lurker Den  
  160  12:38  Mutalisk  
  160  12:39  Mutalisk x9  
  160  12:40  Mutalisk  
  177  13:19  Zergling x2  
  178  13:20  Zergling x44  
  180  14:42  Mutalisk  
  180  14:43  Mutalisk x9  
Show
View Real Time Build Order
Export as new Build Order

ILIEKEGGPIE Protoss - Winner!

Build Orders: Oracle Opening 

Get SALT Encoding   

  12  0:02  Probe  
  13  0:14  Probe  
  13  0:20  Pylon  
  14  0:26  Probe  
  15  0:39  Gateway, Probe  
  16  0:51  Assimilator, Probe  
  17  1:02  Pylon  
  17  1:03  Probe  
  18  1:15  Probe  
  19  1:23  Assimilator  
  19  1:27  Cybernetics Core, Probe  
  20  1:39  Probe  
  21  1:48  Probe  
  22  1:56  Probe  
  23  2:06  Stargate  
  23  2:20  Warp Gate  
  23  2:39  Oracle  
  23  2:49  Nexus  
  26  3:03  Pylon  
  26  3:04  Oracle  
  26  3:08  Probe  
  30  3:21  Probe  
  31  3:28  Pylon  
  31  3:30  Shield Battery  
  31  3:33  Oracle, Probe  
  35  3:45  Probe  
  36  3:52  Assimilator  
  36  3:56  Assimilator  
  36  3:57  Probe  
  37  4:03  Probe  
  37  4:09  Probe  
  39  4:15  Probe  
  40  4:21  Probe  
  41  4:27  Probe  
  39  4:57  Gateway x2  
  39  5:01  Pylon  
  39  5:11  Probe x2  
  39  5:12  Stargate  
  41  5:20  Pylon  
  41  5:21  Pylon  
  41  5:23  Probe x2  
  43  5:30  Oracle  
  46  5:38  Probe  
  46  5:39  Probe  
  48  5:45  Gateway  
  48  5:47  Gateway, Oracle  
  48  5:51  Probe x2  
  53  6:00  Oracle  
  53  6:03  Probe x2  
  58  6:14  Oracle  
  58  6:15  Probe x2  
  58  6:16  Forge  
  60  6:19  Forge  
  63  6:27  Probe  
  64  6:43  Protoss Ground Armor Level 1, Protoss Ground Weapons Level 1  
  64  6:56  Twilight Council  
  64  7:18  Stalker x4  
  64  7:19  Stalker  
  59  8:05  Blink  
  51  8:16  Pylon  
  51  8:18  Pylon  
  48  8:29  Templar Archives  
  48  8:31  Protoss Ground Armor Level 2, Protoss Ground Weapons Level 2  
  48  8:37  Oracle x2  
  48  8:39  Nexus  
  54  8:42  Pylon  
  54  8:45  Pylon  
  54  8:52  Robotics Facility  
  54  8:57  Assimilator  
  54  9:00  Assimilator  
  54  9:01  Pylon  
  54  9:05  Pylon  
  54  9:12  Gateway  
  54  9:17  Psionic Storm, Gateway  
  54  9:18  Gateway  
  54  9:20  Stalker x3  
  54  9:21  Zealot x2  
  64  9:30  Twilight Council  
  64  9:39  Probe x2  
  66  9:48  Pylon  
  66  9:49  Zealot  
  66  9:50  Zealot x4, Pylon  
  66  9:51  Pylon, Probe x2  
  78  10:01  Charge  
  78  10:12  Zealot x2, High Templar x2  
  78  10:13  Zealot  
  88  10:24  Probe  
  88  10:27  Probe  
  88  10:28  Probe  
  91  10:32  Probe  
  91  10:40  Probe x2  
  91  10:57  Archon  
  91  11:01  High Templar x3  
  91  11:02  Zealot x2  
  91  11:03  Zealot  
  62  11:39  Stalker x3  
  60  11:40  Zealot x4  
  68  11:50  Protoss Ground Weapons Level 3, Protoss Ground Armor Level 3  
  68  12:03  Zealot x5  
  68  12:04  Zealot x3  
  84  12:12  Pylon  
  84  12:14  Pylon  
  78  12:46  High Templar  
  78  12:47  Zealot x2, High Templar x2  
  78  12:48  Zealot x3  
  94  13:05  Nexus  
  94  13:06  Pylon x2  
  94  13:25  High Templar  
  94  13:26  High Templar x6  
  108  13:45  Assimilator  
  108  13:51  Assimilator  
  78  14:32  Immortal  
  78  14:33  Probe x2  
  84  14:45  Probe x2  
  80  15:01  Archon x2  
  80  15:02  Archon  
  80  15:08  Archon  
Tags
 
Add a new tag
Caveats
  • Supply blocks, unpowered buildings, or Contaminate may cause inaccurate times.
  • Supply counts are checked every 10 seconds.